 BcadrenCrawl: Boulder Brew version 0.04.2-10-g17648f679b (webtiles) character file.

Game seed: 17722247301404154973, levelgen mode: deterministic

10865 gruber the Disciple of Destruction (level 11, -7/83 HPs) Gnoll Demonspawn. Began on May 2, 2021. Was a Follower of Makhleb. Mangled by a meliai simulacrum (16 damage) ... on level 7 of the Dungeon. The game lasted 00:16:08 (6389 turns).

gruber the Disciple of Destruction (GnDs)           Turns: 6389, Time: 00:16:09

Health: -7/83      AC:  5    Str: 17    XL:     11 ^: 2850
Magic:  21/21      EV: 24    Int: 17    God:    Makhleb [1* [45]]
Gold:   402        SH:  0    Dex: 19    Spells: 17/23 levels left

rFire    . . .     Vision   .     - Unarmed
rCold    . . .     Gourm    +     - Unarmed
rNeg     . . .     Faith    .   v - +0 troll leather
rPois    +         Spirit   .   (no helmet)
rElec    .         Reflect  .   (no cloak)
rCorr    .         Harm     .   z - +0 pair of clawed gauntlets
MR       .....                  (no boots)
Stlth    ++++++....             j - amulet of the gourmand
HPRegen  0.77/turn              g - ring of poison resistance
MPRegen  0.31/turn              n - ring of evasion

@: studying Invocations
A: distributed training, claws 2, fangs 1, thin skeletal structure 2,
nightstalker 1, strong nose
a: Renounce Religion


You were on level 7 of the Dungeon.
You worshipped Makhleb.
Makhleb was aware of your devotion.
You were hungry.

You visited 2 branches of the dungeon, and saw 8 of its levels.

You collected 402 gold pieces.

Inventory:

Weapons
 o - a +0 dagger of caustic ooze
 r - a +2 short sword of venom
 u - a +1 short sword of speed
Armour
 b - a +0 leather armour
 v - a +0 troll leather (worn)
 z - a +0 pair of clawed gauntlets (worn)
Jewellery
 g - a ring of poison resistance (left claw)
 j - an amulet of the gourmand (around neck)
 n - a ring of evasion (right claw)
 p - an uncursed ring of fire
 t - an uncursed ring of positive energy
 y - an uncursed ring of fire
 E - a cursed ring of protection from magic {(Curse: Dex-5)}
Wands
 B - a wand of flame (1)
 D - a wand of hasting (1)
 F - a wand of iceblast (5)
 G - a wand of acid (9)
Scrolls
 a - 2 scrolls of summoning
 f - 4 scrolls of enchantment
 k - 3 scrolls of amnesia
 s - a scroll of magic mapping
 A - 4 scrolls of teleportation
Potions
 c - 2 potions of ambrosia
 e - 5 potions of curing
 h - 4 potions of cancellation
 i - a potion of berserk rage
 l - a potion of brilliance
 q - 3 potions of agility
 w - a potion of resistance
 x - 2 potions of haste
 H - a potion of might
Miscellaneous
 m - a lightning rod (inert)
 C - a fan of gales
Comestibles
 d - 34 rations


   Skills:
 + Level 6.5 Fighting
 + Level 5.9 Short Blades
 + Level 7.6 Long Blades
 + Level 5.9 Axes & Hammers
 + Level 5.9 Whips & Flails
 + Level 5.9 Polearms
 + Level 5.9 Maces & Staves
 + Level 5.9 Slings
 + Level 5.9 Bows
 + Level 5.9 Crossbows
   Level 0.0 Throwing
 + Level 5.9 Armour
 + Level 8.9 Dodging
 + Level 7.3 Stealth
 + Level 5.9 Shields
 + Level 5.9 Unarmed Combat
 + Level 6.6 Spellcasting
 + Level 4.9 Hexes
 + Level 4.9 Charms
 + Level 4.9 Summonings
 + Level 4.9 Necromancy
 + Level 4.9 Translocations
 + Level 4.9 Transmutations
 + Level 6.3 Fire Magic
 + Level 4.9 Ice Magic
 + Level 4.9 Air Magic
 + Level 4.9 Earth Magic
 + Level 4.9 Poison Magic
 + Level 14.0 Invocations
 + Level 5.9 Evocations


You had 17 spell levels left.
You knew the following spells:

 Your Spells              Type           Power        Failure   Level  Hunger
a - Flame Tongue          Fire           27 (30)      1%          1    None
b - Blink                 Tloc           N/A          2%          2    None
c - Mephitic Cloud        Pois/Air       22 (100)     4%          3    ##.....

Your spell library contained the following spells:

 Spells                   Type           Power        Failure   Level  Hunger
 Call Imp                 Summ           22 (100)     2%          2    None
 Slow                     Hex            22 (100)     2%          2    None
 Conjure Flame            Fire           27 (100)     3%          3    ##.....
 Portal Projectile        Chrm/Tloc      22 (50)      4%          3    ##.....
 Cause Fear               Hex            22 (200)     17%         4    ####...
 Muse Oam's Air Blast     Tloc/Air       22 (100)     17%         4    ####...
 Bolt of Fire             Fire           27 (200)     83%         6    #######
 Dispersal                Tloc           22 (200)     95%         6    #######
 Controlled Blink         Tloc           22 (100)     100%        7    #######
 Dragon Form              Tmut           22 (200)     100%        7    #######
 Disjunction              Tloc           22 (200)     100%        8    #######
 Dragon's Call            Summ           22 (200)     100%        9    #######


Dungeon Overview and Level Annotations

Branches:
Dungeon (7/8)              Temple (1/1) D:4            Lair (0/6) D:5
    Orc (0/2) D:6
 Vaults: D:7

Altars:
Ashenzari
Cheibriados
Dithmenos
Elyvilon
Fedhas Madash
Gozag Ym Sagoz
Hepliaklqana
Kikubaaqudgha
Makhleb
Nemelex Xobeh
Okawaru
Qazlal
Ru
Sif Muna
Trog
Uskayaw
Vehumet
Xom
The Shining One

Annotations:
D:4 2 transporters, EtherCrawl's ghost, novice MiNo
D:7 Urug


Innate Abilities, Weirdness & Mutations

Your experience applies equally to all skills.
You have very sharp fingernails. (+4 Unarmed)
You have very sharp teeth.
You have a moderately thin skeletal structure. (Dex +4, Stealth+)
You are slightly more attuned to the shadows.
Your uncanny sense of smell can sniff out nearby items.


Message History

The troll completely misses you (0). The troll barely misses you (0). x2
Unknown command.
You are too injured to fight recklessly!
Unknown command.
You are too injured to fight recklessly!
Unknown command.
You are too injured to fight recklessly!
Unknown command.
A manticore comes into view.
The meliai simulacrum closely misses you (0).
The meliai simulacrum hits you (8)! The meliai simulacrum freezes you (14)!
* * * LOW HITPOINT WARNING * * *
The meliai simulacrum closely misses you (0).
The meliai simulacrum barely misses you (0).
There is a stone staircase leading up here.
Unknown command.
The meliai simulacrum hits you (9)!
* * * LOW HITPOINT WARNING * * *
The meliai simulacrum freezes you (16)!
You die...

#.. ... #..
#$H #.. ..
#..##.##
#...#..##
#...Z...#
#..@T...#
#...c...#
#..........
#.....##....
##..... .###
....$.. #
........


You could see a manticore (wandering), a yaktaur, a troll and a meliai
simulacrum.

Vanquished Creatures
  2 unseen horrors (D:6)
  A two-headed ogre (D:5)
  A hydra (D:6)
  2 gargoyles (D:6)
  3 ugly things (D:6)
  2 trolls
  A shadow (D:6)
  3 hippogriffs
  A cyclops (D:6)
  2 yaks (D:6)
  Menkaure (D:2)
  2 wyverns (D:6)
  A slime creature (D:2)
  2 vampire mosquitoes (D:6)
  2 scorpions
  4 orc warriors
  3 porcupines
  An ice beast (D:6)
  2 eyes of draining
  A black bear (D:6)
  2 sky beasts
  5 ogres
  A crocodile (D:6)
  6 big kobolds
  5 bullfrogs
  A harpy zombie (D:7)
  2 centaurs (D:5)
  A howler monkey (D:6)
  5 orc priests
  4 hounds
  7 jellies
  4 orc wizards
  4 iguanas
  7 worker ants
  8 giant cockroaches
  3 bullfrog skeletons (D:4)
  5 adders
  3 gnolls (D:4)
  50 sewer rats (D:2)
  A white imp (D:4)
  3 worms
  10 cinder newts
  A worker ant zombie (D:5)
  3 hound skeletons (D:5)
  3 oozes (D:2)
  4 dart slugs (D:1)
  4 leopard geckos
  36 orcs
  An adder zombie (D:5)
  2 ball pythons (D:2)
  6 bats
  7 goblins
  11 hobgoblins
  8 jackals
  25 kobolds
  5 quokkas
  A ball python skeleton (D:2)
  A bat skeleton (D:2)
  A goblin skeleton (D:2)
  A hobgoblin skeleton (D:2)
  2 kobold skeletons (D:2)
  A leopard gecko skeleton (D:5)
  A quokka skeleton (D:3)
  8 rats
  2 rat skeletons (D:2)
308 creatures vanquished.

Vanquished Creatures (others)
  A jelly (D:2)
  An adder (D:2)
  3 sewer rats (D:2)
  3 ball pythons (D:2)
  5 kobolds (D:2)
  A kobold skeleton (D:2)
  A quokka skeleton (D:2)
  2 fungi (D:5)
  9 plants (D:5)
  A slimehead (D:2)
  132 withered plants (D:2)
159 creatures vanquished.

Grand Total: 467 creatures vanquished

Notes
Turn   | Place    | Note
-------+----------+-------------------------------------------
     0 | D:1      | gruber the Gnoll Demonspawn began the quest for the Orb.
     0 | D:1      | Reached XP level 1. HP: 17/17 MP: 4/4
     0 | D:1      | Noticed a felid
     5 | D:1      | Noticed an elf zombie
     6 | D:1      | Noticed an octopode zombie
     7 | D:1      | Noticed a gargoyle
     8 | D:1      | Noticed a minotaur
    10 | D:1      | Noticed an elf skeleton
    12 | D:1      | Noticed a minotaur
    12 | D:1      | Noticed a felid
    14 | D:1      | Noticed an octopode zombie
    14 | D:1      | Noticed a minotaur
    16 | D:1      | Noticed an elf skeleton
    18 | D:1      | Noticed a mummy
    20 | D:1      | Noticed a merfolk skeleton
    52 | D:1      | Gained mutation: You have sharp fingernails. (+2 Unarmed)
                  | [demonic ancestry]
    52 | D:1      | Reached XP level 2. HP: 23/23 MP: 6/6
    63 | D:1      | Reached XP level 3. HP: 27/28 MP: 7/7
   106 | D:1      | Reached XP level 4. HP: 26/34 MP: 9/9
   112 | D:1      | Reached skill level 1 in Short Blades
   112 | D:1      | Reached skill level 1 in Axes & Hammers
   112 | D:1      | Reached skill level 1 in Whips & Flails
   112 | D:1      | Reached skill level 1 in Polearms
   112 | D:1      | Reached skill level 1 in Maces & Staves
   112 | D:1      | Reached skill level 1 in Slings
   112 | D:1      | Reached skill level 1 in Bows
   112 | D:1      | Reached skill level 1 in Crossbows
   112 | D:1      | Reached skill level 1 in Armour
   112 | D:1      | Reached skill level 1 in Shields
   112 | D:1      | Reached skill level 1 in Unarmed Combat
   112 | D:1      | Reached skill level 1 in Evocations
   399 | D:1      | Reached skill level 7 in Invocations
   399 | D:1      | Gained mutation: You have a somewhat thin skeletal
                  | structure. (Dex +2, Stealth) [demonic ancestry]
   399 | D:1      | Reached XP level 5. HP: 40/40 MP: 10/10
   472 | D:1      | Reached skill level 1 in Hexes
   472 | D:1      | Reached skill level 1 in Charms
   472 | D:1      | Reached skill level 1 in Summonings
   472 | D:1      | Reached skill level 1 in Necromancy
   472 | D:1      | Reached skill level 1 in Translocations
   472 | D:1      | Reached skill level 1 in Transmutations
   472 | D:1      | Reached skill level 1 in Ice Magic
   472 | D:1      | Reached skill level 1 in Air Magic
   472 | D:1      | Reached skill level 1 in Earth Magic
   472 | D:1      | Reached skill level 1 in Poison Magic
  1037 | D:2      | Noticed Menkaure
  1045 | D:2      | Killed Menkaure
  1045 | D:2      | Gained mutation: You have very sharp fingernails. (+4
                  | Unarmed) [demonic ancestry]
  1045 | D:2      | Reached XP level 6. HP: 21/47 MP: 11/11
  1049 | D:2      | Learned a level 2 spell: Blink
  1053 | D:2      | Learned a level 3 spell: Mephitic Cloud
  1180 | D:2      | Reached skill level 5 in Long Blades
  1206 | D:2      | Reached skill level 8 in Invocations
  1207 | D:2      | Reached XP level 7. HP: 49/52 MP: 11/13
  1324 | D:2      | Found a snail-covered altar of Cheibriados.
  1615 | D:2      | Reached XP level 8. HP: 56/60 MP: 14/14
  1619 | D:2      | Reached skill level 5 in Stealth
  1637 | D:2      | Reached skill level 9 in Invocations
  2285 | D:2      | Found an opulent altar of Gozag.
  2379 | D:2      | HP: 1/60 [slime creature (9)]
  2388 | D:2      | Reached skill level 10 in Invocations
  2467 | D:2      | Found a white marble altar of Elyvilon.
  2752 | D:3      | Found an iron altar of Okawaru.
  2794 | D:3      | Gained mutation: You have a moderately thin skeletal
                  | structure. (Dex +4, Stealth+) [demonic ancestry]
  2794 | D:3      | Reached XP level 9. HP: 49/66 MP: 16/16
  2869 | D:3      | HP: 3/66 [orc priest/divine providence (14)]
  3337 | D:3      | Noticed a troll
  3359 | D:3      | Killed a troll
  3359 | D:3      | Reached skill level 5 in Fire Magic
  3659 | D:4      | Found a hide-covered altar of Uskayaw.
  3683 | D:4      | Found a staircase to the Ecumenical Temple.
  3717 | Temple   | Entered the Ecumenical Temple
  4005 | D:4      | Reached skill level 11 in Invocations
  4006 | D:4      | Found a shattered altar of Ashenzari.
  4020 | D:4      | Noticed EtherCrawl's ghost (novice MiNo)
  4021 | D:4      | Found a transporter.
  4024 | D:4      | Found a transporter.
  4045 | D:4      | Reached skill level 5 in Spellcasting
  4389 | D:5      | Entered Level 5 of the Dungeon
  4545 | D:5      | Reached skill level 5 in Fighting
  4658 | D:5      | Reached XP level 10. HP: 64/74 MP: 18/18
  4795 | D:5      | Noticed a two-headed ogre
  4804 | D:5      | Killed a two-headed ogre
  4804 | D:5      | Reached skill level 12 in Invocations
  4996 | D:5      | Found a staircase to the Lair.
  5144 | D:6      | Noticed a gargoyle
  5154 | D:6      | Killed a gargoyle
  5202 | D:6      | Reached skill level 5 in Short Blades
  5202 | D:6      | Reached skill level 5 in Axes & Hammers
  5202 | D:6      | Reached skill level 5 in Whips & Flails
  5202 | D:6      | Reached skill level 5 in Polearms
  5202 | D:6      | Reached skill level 5 in Maces & Staves
  5202 | D:6      | Reached skill level 5 in Slings
  5202 | D:6      | Reached skill level 5 in Bows
  5202 | D:6      | Reached skill level 5 in Crossbows
  5202 | D:6      | Reached skill level 5 in Armour
  5202 | D:6      | Reached skill level 5 in Shields
  5202 | D:6      | Reached skill level 5 in Unarmed Combat
  5202 | D:6      | Reached skill level 5 in Evocations
  5301 | D:6      | Found a burning altar of Makhleb.
  5314 | D:6      | Killed an unseen horror
  5322 | D:6      | Became a worshipper of Makhleb the Destroyer
  5506 | D:6      | Reached skill level 13 in Invocations
  5508 | D:6      | Gained mutation: You are slightly more attuned to the
                  | shadows. [demonic ancestry]
  5508 | D:6      | Reached XP level 11. HP: 76/81 MP: 20/20
  5566 | D:6      | Found a sparkling altar of Nemelex Xobeh.
  5718 | D:6      | Found a staircase to the Orcish Mines.
  5805 | D:6      | Reached * piety under Makhleb
  5822 | D:6      | Identified the +6 quarterstaff "Ireiwi" {protect, *Corrode
                  | rPois Str+6}
  6112 | D:6      | Noticed a four-headed hydra
  6127 | D:6      | Killed a four-headed hydra
  6150 | D:6      | Found a shimmering altar of Xom.
  6262 | D:7      | Noticed Urug
  6313 | D:6      | Killed an unseen horror
  6327 | D:6      | Reached skill level 14 in Invocations
  6389 | D:7      | Mangled by a meliai simulacrum

Levels and vault maps discovered:
D:1:      shiori_arrival_whats_in_store_for_you, layout_basic
D:2:      layout_sewer, cheibriados_altar_1, nicolae_gozag_seed_capital,
          elyvilon_niche, serial_column_ruins, column_ruins_hut,
          column_ruins_circle_large, column_ruins_grid_1,
          column_ruins_open_small, column_ruins_corridor_dead_end,
          solitary_fountain, hangedman_decor_points, hex_medium, uniq_menkaure
D:3:      layout_cave_pools, lemuel_round_altar, first_ration,
          bcadren_nooodl_food_pyramid
D:4:      layout_basic, kennysheep_mini_moat, minmay_temple_entry_offerings,
          basic_altar, gammafunk_ghost_smash
D:5:      layout_gridville, grunt_lair_entry_orc_guard_hut
D:6:      layout_roguey, kennysheep_mini, bloody_makhleb, tgw_xom,
          hiddenorc2_lemuel
D:7:      layout_cave_pools, david_vaults_5, serial_shops,
          kennysheep_little_box, glass_columns_b, gauntlet_entry_generic,
          enter_bailey_3, enter_ossuary_2, uniq_crazy_yiuf_cottage, uniq_urug
Temple:   minmay_temple_bridge_abc

Skill      XL: |  1  2  3  4  5  6  7  8  9 10 11 |
---------------+----------------------------------+-----
Short Blades   | 1 2 3 4 5 |  5.9
Axes & Hammers | 1 2 3 4 5 |  5.9
Whips & Flails | 1 2 3 4 5 |  5.9
Polearms       | 1 2 3 4 5 |  5.9
Maces & Staves | 1 2 3 4 5 |  5.9
Slings         | 1 2 3 4 5 |  5.9
Bows           | 1 2 3 4 5 |  5.9
Crossbows      | 1 2 3 4 5 |  5.9
Armour         | 1 2 3 4 5 |  5.9
Shields        | 1 2 3 4 5 |  5.9
Unarmed Combat | 1 2 3 4 5 |  5.9
Evocations     | 1 2 3 4 5 |  5.9
Spellcasting   | 3 4 5 6 |  6.6
Invocations    | 7 8 10 11 13 14 | 14.0
Hexes          | 1 2 3 4 |  4.9
Charms         | 1 2 3 4 |  4.9
Summonings     | 1 2 3 4 |  4.9
Necromancy     | 1 2 3 4 |  4.9
Translocations | 1 2 3 4 |  4.9
Transmutations | 1 2 3 4 |  4.9
Ice Magic      | 1 2 3 4 |  4.9
Air Magic      | 1 2 3 4 |  4.9
Earth Magic    | 1 2 3 4 |  4.9
Poison Magic   | 1 2 3 4 |  4.9
Fighting       | 3 4 5 6 |  6.5
Fire Magic     | 4 5 6 |  6.3
Long Blades    | 5 6 7 |  7.6
Dodging        | 7 8 |  8.9
Stealth        | 5 6 7 |  7.3

Action                   |  1- 3 |  4- 6 |  7- 9 | 10-12 || total
-------------------------+-------+-------+-------+-------++-------
Melee: Long sword        |    19 |    41 |       |       ||    60
       Unarmed           |    11 |    86 |   397 |   380 ||   874
       Bite              |       |    10 |    42 |    33 ||    85
       Dagger            |       |       |    89 |       ||    89
       Short sword       |       |       |   115 |       ||   115
 Cast: Blink             |       |       |       |     3 ||     3
Evoke: Lightning rod     |       |       |       |     4 ||     4
       Wand              |       |       |       |     1 ||     1
  Use: Potion            |       |       |     1 |     1 ||     2
 Stab: Sleeping          |       |     9 |    14 |     8 ||    31
       Distracted        |       |       |     3 |     2 ||     5
  Eat: Chunk             |       |     1 |    18 |       ||    19
Armor: Leather armour    |     1 |     1 |    18 |       ||    20
       Troll leather     |       |       |     6 |    15 ||    21
Dodge: Dodged            |    13 |    44 |   273 |   190 ||   520
       Rpst.: Long sword |     3 |     8 |       |       ||    11
